 Dungeon Crawl Stone Soup version 0.12-a0-1341-gbb9c5e6 (console) character file.

13239 bela the Frost Mage (level 11, -10/68 HPs)
             Began as a Vampire Conjurer on Dec 15, 2012.
             Was an Elder of Vehumet.
             Mangled by a wyvern (17 damage)
             ... on Level 11 of the Dungeon.
             The game lasted 00:28:40 (13858 turns).

bela the Frost Mage (Vampire Conjurer)             Turns: 13858, Time: 00:28:40

HP -10/68        AC  5     Str  6 (7)  XL: 11   Next: 69%
MP  15/34        EV 11     Int 20      God: Vehumet [****..]
Gold 255         SH  8     Dex 14      Spells:  7 memorised,  1 level left

Res.Fire  : . . .   See Invis. : +   a - +1,+3 hand axe (elec)
Res.Cold  : + . .   Warding    : .   H - +0 robe
Life Prot.: + + .   Conserve   : .   i - +1 buckler
Res.Poison: +       Res.Corr.  : .   x - +1 helmet
Res.Elec. : .       Clarity    : .   g - +0 cloak
Sust.Abil.: . .     Spirit.Shd : .   (no gloves)
Res.Mut.  : .       Stasis     : .   (no boots)
Res.Rott. : +       Ctrl.Telep.: .   (no amulet)
Saprovore : . . .   Flight     : .   m - ring of regeneration
                                     I - ring of magical power

@: regenerating slowly, very slightly contaminated, somewhat resistant to
hostile enchantments, stealthy
A: bottle blood, fangs 3, see invisible, unbreathing
a: Bat Form, Bottle Blood, Renounce Religion


You were on level 11 of the Dungeon.
You worshipped Vehumet.
Vehumet was extremely pleased with you.
You were thirsty.

You visited 2 branches of the dungeon, and saw 12 of its levels.

You collected 735 gold pieces.
You spent 500 gold pieces at shops.

Inventory:

Hand weapons
 a - a +1,+3 hand axe of electrocution (weapon)
 b - a -1 orcish blowgun
 J - a +0,+0 short sword of distortion {Sonja}
 L - a +7 blowgun
Missiles
 r - 7 curare-tipped needles
Armour
 e - a +0 troll hide
 g - a +0 cloak (worn)
 i - a +1 buckler (worn)
 t - the +5 scale mail of Dishonour {Dex+1}
   (You found it on level 5 of the Dungeon)

   It affects your dexterity (+1).
 x - a +1 helmet (worn)
 H - a +0 robe (worn)
Magical devices
 D - a wand of cold (7)
Scrolls
 d - 4 scrolls of blinking
 h - 4 scrolls of amnesia
 j - 4 scrolls of remove curse
 q - 2 scrolls of recharging
 y - 5 scrolls of teleportation
 C - a scroll of magic mapping
Jewellery
 m - a ring of regeneration (right hand)
 n - an uncursed ring of poison resistance
 o - an uncursed ring of teleportation
 B - an uncursed ring of protection from cold
 F - an uncursed ring of life protection
 I - a ring of magical power (left hand)
Potions
 f - 2 potions of curing
 l - a potion of gain strength
 w - 2 potions of might
 z - a potion of restore abilities
 A - a potion of berserk rage
 K - 4 potions of flight
Books
 c - a book of Conjurations

   Spells                             Type                      Level
   *Magic Dart                        Conjuration                  1
   *Throw Frost                       Conjuration/Ice              2
   *Mephitic Cloud                    Conjuration/Poison/Air       3
   Lightning Bolt                     Conjuration/Air              5
   *Bolt of Cold                      Conjuration/Ice              6
   *Freezing Cloud                    Conjuration/Ice/Air          6
 v - a book of Ice

   Spells                             Type                      Level
   Freezing Aura                      Charms/Ice                   2
   Ensorcelled Hibernation            Hexes/Ice                    2
   Ozocubu's Refrigeration            Ice                          6
   *Bolt of Cold                      Conjuration/Ice              6
   *Freezing Cloud                    Conjuration/Ice/Air          6
   Metabolic Englaciation             Hexes/Ice                    6
   Simulacrum                         Ice/Necromancy               6
 E - a book of Air

   Spells                             Type                      Level
   Shock                              Conjuration/Air              1
   *Swiftness                         Charms/Air                   2
   *Repel Missiles                    Charms/Air                   2
   Flight                             Charms/Air                   3
   Static Discharge                   Conjuration/Air              3
   Lightning Bolt                     Conjuration/Air              5
Magical staves
 p - an uncursed staff of summoning


   Skills:
 - Level 2.1 Dodging
 - Level 3.0 Stealth
 + Level 6.9 Spellcasting
 * Level 9.3 Conjurations
 * Level 10.9 Ice Magic
 * Level 9.2 Air Magic


You had one spell level left.
You knew the following spells:

 Your Spells              Type           Power        Failure   Level  Hunger
a - Magic Dart            Conj           #####        1%          1    None
b - Throw Frost           Conj/Ice       ######.      1%          2    None
c - Mephitic Cloud        Conj/Pois/Air  #####....    1%          3    ##.....
d - Swiftness             Chrm/Air       #####.....   2%          2    None
e - Repel Missiles        Chrm/Air       #####.....   2%          2    None
f - Freezing Cloud        Conj/Ice/Air   ######....   9%          6    ######.
g - Bolt of Cold          Conj/Ice       ######....   9%          6    ######.


Dungeon Overview and Level Annotations

Branches:
Dungeon (11/27)            Temple (1/1) D:5             Orc (0/4) D:11
   Lair: D:8-13

Altars:
Ashenzari
Cheibriados
Elyvilon
Fedhas
Kikubaaqudgha
Makhleb
Nemelex Xobeh
Okawaru
Sif Muna
Trog
Vehumet
Xom
Yredelemnul
Zin
the Shining One

Shops:
D:9: =


Innate Abilities, Weirdness & Mutations

You heal slowly.
You can bottle blood from corpses.
You have razor-sharp teeth.*
You have supernaturally acute eyesight.
You can survive without breathing.*


Message History

The wyvern bites you!
* * * LOW HITPOINT WARNING * * *
Casting: Throw Frost
Confirm with . or Enter, or press ? or * to list all spells.
Aiming: Bolt of Cold
Press: ? - help, Shift-Dir - straight line, f/p - wyvern
Aim: a wyvern (almost dead)
The bolt of cold misses the wyvern.
The wyvern bites you!
* * * LOW HITPOINT WARNING * * *
Casting: Bolt of Cold
Confirm with . or Enter, or press ? or * to list all spells.
Aiming: Bolt of Cold
Press: ? - help, Shift-Dir - straight line, f/p - wyvern
Aim: a wyvern (almost dead)
You miscast Bolt of Cold.
You are very lightly contaminated with residual magic.
Nothing appears to happen.
You are feeling thirsty.
The wyvern bites you!
You die...

.#.....##.# #.##.......^#########
.#.....##.###....................
.#.....##...[....################
.#.#'##(...........#...#
.#.#.##.########.#.#.#.#
.#...##.# #.#.#.#)# .######.#
#.#...#%# ........# #.#####'##
######### #@D.....[#
#.#.#.#.#############[.[#
.#.#.#.###..............###
#.#.#.#.##................#
####.#.###............P...#
##.#.#.##............._P.#
##.###Z###............P...#
#.###.#.##.......(........# )##
##.###..............###


You could see a wyvern.

Vanquished Creatures
  Urug (D:11)
  Erolcha (D:8)
  4 hill giants (D:11)
  Joseph (D:8)
  A cyclops (D:11)
  A dragon skeleton (D:11)
  Sonja (D:11)
  4 trolls
  2 grizzly bears (D:11)
  2 basilisks
  A wraith (D:11)
  A wyvern (D:10)
  A steam dragon (D:11)
  9 yaks
  2 hungry ghosts
  2 hippogriffs (D:11)
  A soldier ant (D:11)
  2 manticores
  2 necrophages
  2 ice beasts
  6 orc warriors
  3 ogres
  6 centaurs
  A phantom (D:7)
  2 big kobolds (D:11)
  A crocodile (D:11)
  9 giant frogs
  A basilisk zombie (D:10)
  A water moccasin (D:9)
  A water moccasin zombie (D:11)
  A water moccasin skeleton (D:5)
  5 crimson imps
  A killer bee (D:11)
  A big kobold zombie (D:10)
  2 shadows (D:11)
  A big kobold skeleton (D:11)
  9 hounds
  A quasit (D:9)
  7 orc priests
  4 orc wizards
  A scorpion (D:5)
  A worker ant zombie (D:10)
  2 iguanas
  A hound skeleton (D:7)
  11 worker ants
  4 sheep (D:11)
  Ijyb (D:2)
  7 jellies
  A goliath beetle zombie (D:11)
  8 adders
  3 gnolls (D:4)
  A giant centipede (D:10)
  4 iguana zombies
  An adder skeleton (D:6)
  An inept feature mimic (D:3)
  9 worms
  3 giant eyeballs
  5 giant geckos
  28 orcs
  8 giant cockroaches
  15 hobgoblins
  6 jackals
  24 kobolds
  6 quokkas
  3 ball pythons (D:2)
  21 bats
  2 giant gecko skeletons (D:5)
  5 giant newts
  A giant spore (D:6)
  11 goblins
  A hobgoblin skeleton (D:6)
  2 orc skeletons
  A quokka zombie (D:2)
  12 rats
  2 rat skeletons (D:4)
  2 ballistomycetes (D:6)
  3 toadstools (D:11)
321 creatures vanquished.

Vanquished Creatures (others)
  An adder (D:5)
  3 orcs (D:10)
  A bat (D:5)
  A ball python (D:5)
  A goblin (D:5)
  A rat (D:1)
  8 toadstools
16 creatures vanquished.

Grand Total: 337 creatures vanquished

Notes
Turn   | Place    | Note
--------------------------------------------------------------
     0 | D:1      | bela, the Vampire Conjurer, began the quest for the Orb.
     0 | D:1      | Reached XP level 1. HP: 13/13 MP: 4/4
   696 | D:1      | Reached XP level 2. HP: 19/19 MP: 5/5
   711 | D:1      | Learned a level 2 spell: Throw Frost
  1344 | D:2      | Reached skill level 1 in Ice Magic
  1480 | D:2      | Reached XP level 3. HP: 24/24 MP: 3/6
  2159 | D:2      | Found a glowing golden altar of the Shining One.
  2493 | D:2      | Noticed Ijyb
  2507 | D:2      | Killed Ijyb
  2507 | D:2      | Reached XP level 4. HP: 20/30 MP: 1/8
  2912 | D:3      | Learned a level 3 spell: Mephitic Cloud
  2981 | D:3      | Reached XP level 5. HP: 35/35 MP: 0/10
  3298 | D:3      | Reached skill level 4 in Conjurations
  4229 | D:4      | Noticed an ogre
  4236 | D:4      | Killed an ogre
  4236 | D:4      | Reached XP level 6. HP: 36/41 MP: 9/12
  5251 | D:4      | Paralysed by a giant eyeball for 2 turns
  5334 | D:5      | Entered Level 5 of the Dungeon
  5342 | D:5      | Got a shimmering scale mail
  5353 | D:5      | Identified the +5 scale mail of Dishonour {Dex+1} (You found it on level 5 of the Dungeon)
  5517 | D:5      | Found a shimmering altar of Xom.
  5527 | D:5      | Reached XP level 7. HP: 20/46 MP: 15/15
  5681 | D:5      | Found a staircase to the Ecumenical Temple.
  5721 | D:5      | Reached skill level 5 in Conjurations
  5757 | Temple   | Entered the Ecumenical Temple
  5859 | Temple   | Became a worshipper of Vehumet
  5916 | D:5      | Reached skill level 5 in Ice Magic
  6700 | D:6      | Paralysed by a giant eyeball for 4 turns
  6740 | D:6      | Reached skill level 1 in Air Magic
  6740 | D:6      | Reached XP level 8. HP: 52/52 MP: 6/17
  7212 | D:6      | Found a basalt altar of Yredelemnul.
  7281 | D:6      | Acquired Vehumet's first power
  7304 | D:6      | Reached skill level 6 in Ice Magic
  7381 | D:6      | Found an iron altar of Okawaru.
  7821 | D:7      | Found a shattered altar of Ashenzari.
  8070 | D:7      | Learned a level 2 spell: Swiftness
  8073 | D:7      | Learned a level 2 spell: Repel Missiles
  8204 | D:7      | Reached XP level 9. HP: 40/57 MP: 16/20
  8390 | D:8      | Acquired Vehumet's second power
  8598 | D:8      | Noticed Joseph
  8610 | D:8      | Killed Joseph
  8610 | D:8      | Reached skill level 7 in Ice Magic
  8820 | D:8      | Noticed Erolcha
  8841 | D:8      | Killed Erolcha
  8905 | D:8      | Reached skill level 5 in Air Magic
  9166 | D:9      | Found Koeg's Jewellery Emporium.
  9174 | D:9      | Bought an uncursed ring of regeneration for 300 gold pieces
  9174 | D:9      | Bought an uncursed ring of magical power for 200 gold pieces
  9344 | D:9      | Reached XP level 10. HP: 63/63 MP: 22/22
  9357 | D:9      | Learned a level 6 spell: Freezing Cloud
  9385 | D:9      | Reached skill level 8 in Ice Magic
  9404 | D:9      | Reached skill level 5 in Spellcasting
  9531 | D:9      | HP: 1/63 [centaur/arrow of flame (5)]
  9943 | D:9      | Acquired Vehumet's third power
 10230 | D:10     | Entered Level 10 of the Dungeon
 10901 | D:10     | Reached skill level 9 in Ice Magic
 11081 | D:11     | Found a staircase to the Orcish Mines.
 11131 | D:11     | Noticed Sonja
 11287 | D:11     | Killed Sonja
 11427 | D:11     | Noticed Urug
 11459 | D:11     | Killed Urug
 11716 | D:11     | Found a bloodstained altar of Trog.
 12021 | D:11     | Reached XP level 11. HP: 68/68 MP: 24/24
 12277 | D:11     | Noticed a hill giant
 12294 | D:11     | Killed a hill giant
 12294 | D:11     | Reached skill level 10 in Ice Magic
 12418 | D:11     | Learned a level 6 spell: Bolt of Cold
 12541 | D:11     | Noticed a cyclops
 12555 | D:11     | Killed a cyclops
 12747 | D:11     | Acquired Vehumet's fourth power
 13033 | D:11     | Noticed a hill giant
 13142 | D:11     | HP: 2/68 [soldier ant (10)]
 13142 | D:11     | Killed a hill giant
 13341 | D:11     | Noticed a stone giant zombie
 13386 | D:11     | Noticed a hill giant
 13388 | D:11     | Killed a hill giant
 13695 | D:11     | Noticed a hill giant
 13708 | D:11     | Killed a hill giant
 13858 | D:11     | Mangled by a wyvern
